 Dungeon Crawl Stone Soup version 0.16.2-12-gd0ad4c3 (webtiles) character file.

235 Peloso the Shield-Bearer (level 5, -5/47 HPs)
             Began as a Minotaur Fighter on Oct 18, 2015.
             Killed by nerve-wracking pain
             ... invoked by Grinder
              (12 damage)
             ... on level 3 of the Dungeon.
             The game lasted 00:03:12 (1588 turns).

Peloso the Shield-Bearer (Minotaur Fighter)         Turns: 1588, Time: 00:03:12

Health: -5/47      AC: 13    Str: 25    XL:     5   Next: 76%
Magic:  2/2        EV:  5    Int:  5    God:
Gold:   99         SH: 10    Dex: 11    Spells: 0 memorised, 4 levels left

rFire  . . .     SeeInvis .     a - +0 long sword
rCold  + . .     Clarity  .     p - +0 plate armour
rNeg   . . .     SustAb   .     c - +0 shield
rPois  .         Gourm    .     (helmet restricted)
rElec  .         Spirit   .     t - +0 cloak
rCorr  .         Warding  .     (no gloves)
rMut   .         Stasis   .     (no boots)
MR     .....                    (no amulet)
Stlth  ..........               (no ring)
                                g - ring of protection from cold

@: mighty, starving, not resistant to hostile enchantments, extremely unstealthy
A: retaliatory headbutt, horns 2
a: no special abilities


You were on level 3 of the Dungeon.
You were starving.

You visited 1 branch of the dungeon, and saw 3 of its levels.

You collected 99 gold pieces.

Inventory:

Hand weapons
 a - a +0 long sword (weapon)
Armour
 b - a +0 scale mail
 c - a +0 shield (worn)
 p - a +0 plate armour (worn)
 t - a +0 cloak (worn)
Jewellery
 g - a ring of protection from cold (left hand)
Magical devices
 f - a wand of frost (11)
Scrolls
 h - a scroll of teleportation {unknown}
 i - a scroll of remove curse {unknown}
 j - 2 scrolls of identify {unknown}
 m - a scroll of immolation {unknown}
 n - 2 scrolls of enchant armour {unknown}
 q - a scroll of fog {unknown}
 s - a scroll of enchant weapon {unknown}
Potions
 e - a potion of might
 k - a potion of lignification {unknown}
 o - a potion of curing {unknown}
 r - a potion of cancellation {unknown}
Comestibles
 d - 3 bread rations
 l - 3 meat rations


   Skills:
 + Level 4.4 Fighting
 + Level 3.4 Long Blades
 + Level 5.0 Armour
 + Level 1.8 Dodging
 + Level 0.8 Stealth
 + Level 5.3 Shields


You had 4 spell levels left.
You didn't know any spells.

Dungeon Overview and Level Annotations

Branches:
Dungeon (3/15)

Altars:

Annotations:
D:3 Grinder


Innate Abilities, Weirdness & Mutations

You reflexively headbutt those who attack you in melee.
You have a pair of horns on your head.


Message History

* * * LOW HITPOINT WARNING * * *
Your shield and plate armour prevent you from hitting Grinder.
Grinder is severely wounded.
Grinder gestures at you. Pain shoots through your body!
* * * LOW HITPOINT WARNING * * *
Drink which item? (? for menu, Esc to quit)
You feel very mighty all of a sudden. Grinder gestures at you.
You suddenly lose the ability to move!
Grinder hits you but does no damage. x6
You can move again.
You closely miss Grinder.
Grinder is severely wounded.
Grinder hits you but does no damage.
You barely miss Grinder.
Grinder is severely wounded.
Grinder gestures at you. Pain shoots through your body!
You die...

. .# .5 ...## .. ..... #.
......####S## z .......#
<.# #........###.#
#....##......########....
#..<......5@.....(...
#.........#####.#....
#.........# ###########


You could see Grinder.

Vanquished Creatures
  4 wights (D:3)
  Crazy Yiuf (D:2)
  An adder (D:3)
  2 giant geckos (D:2)
  An orc (D:3)
  A bat (D:1)
  2 giant cockroaches
  4 goblins
  3 hobgoblins
  4 jackals
  2 kobolds
  A quokka (D:2)
  A giant newt (D:1)
  8 rats
35 creatures vanquished.

Notes
Turn   | Place    | Note
--------------------------------------------------------------
     0 | D:1      | Peloso, the Minotaur Fighter, began the quest for the Orb.
     0 | D:1      | Reached XP level 1. HP: 19/19 MP: 1/1
   197 | D:1      | Reached skill level 4 in Shields
   198 | D:1      | Reached XP level 2. HP: 23/26 MP: 1/1
  1123 | D:2      | Reached XP level 3. HP: 31/33 MP: 2/2
  1440 | D:2      | Noticed Crazy Yiuf
  1451 | D:2      | Killed Crazy Yiuf
  1451 | D:2      | Reached skill level 1 in Dodging
  1521 | D:3      | Noticed Grinder
  1528 | D:3      | Reached XP level 4. HP: 36/40 MP: 2/2
  1540 | D:3      | Reached skill level 5 in Shields
  1540 | D:3      | Reached XP level 5. HP: 43/46 MP: 2/2
  1568 | D:3      | Reached skill level 5 in Armour
  1580 | D:3      | Paralysed by Grinder for 7 turns
  1588 | D:3      | Killed from afar by Grinder

Action                   |  1- 3 |  4- 6 || total
-------------------------+-------+-------++-------
Melee: Long sword        |    70 |    51 ||   121
  Use: Potion            |       |     1 ||     1
